 Dungeon Crawl Stone Soup version 0.28.0-43-g3370ac3207 (webtiles) character file.

Game seed: 4797003281941292355

67 demenzo the Skirmisher (level 4, 0/49 HPs)
             Began as an Ogre Berserker on Mar 11, 2022.
             Was a Believer of Trog.
             Slain by an orc priest
             ... wielding a +0 short sword
              (2 damage)
             ... on level 3 of the Dungeon.
             The game lasted 00:02:13 (2482 turns).

demenzo the Skirmisher (Ogre Berserker)             Turns: 2482, Time: 00:02:13

Health: 0/49       AC:  3    Str: 23    XL:     4   Next: 18%
Magic:  4/4        EV: 10    Int:  8    God:    Trog [**....]
Gold:   118        SH:  0    Dex:  8    Spells: 3/3 levels left

rFire   . . .      SeeInvis .   a - +0 mace
rCold   . . .      Faith    .   (no shield)
rNeg    . . .      Spirit   .   b - +0 animal skin
rPois   .          Reflect  .   (helmet restricted)
rElec   .          Harm     .   (no cloak)
rCorr   .          Rampage  .   (gloves unavailable)
Will    .....                   (boots unavailable)
Stlth   +.........              (no amulet)
HPRegen 0.16/turn               (no ring)
MPRegen 0.09/turn               (no ring)

@: mighty, on berserk cooldown, slowed, very slow
A: large, unfitting armour, tough skin 1
a: Renounce Religion, Berserk, Trog's Hand


You were on level 3 of the Dungeon.
You worshipped Trog.
Trog was pleased with you.
You visited 1 branch of the dungeon, and saw 3 of its levels.

You collected 118 gold pieces.

Inventory:

Hand Weapons
 a - a +0 mace (weapon)
Missiles
 d - 8 poisoned darts (quivered)
 e - 67 stones
 g - 13 sling bullets
 h - 15 arrows
 i - 31 bolts
Armour
 b - a +0 animal skin (worn)
Jewellery
 f - an amulet of reflection
Scrolls
 c - 2 scrolls of identify {unknown}
 j - a scroll of enchant armour {unknown}
 l - a scroll of fear {unknown}
Potions
 k - a potion of mutation {unknown}
 m - a potion of might
 n - a potion of lignification {unknown}
 o - 2 potions of ambrosia {unknown}


   Skills:
 + Level 4.8 Fighting
 * Level 3.8 Maces & Flails
 - Level 3.0 Dodging


You had 3 spell levels left.
You didn't know any spells.
Your spell library was empty.

Dungeon Overview and Level Annotations

Branches:
Dungeon (3/15)

Altars:


Innate Abilities, Weirdness & Mutations

You are too large for most types of armour.
You have tough skin. (AC +1)


Message History

You are too injured to fight recklessly!
You are too injured to fight recklessly!
You are too injured to fight recklessly!
You are too injured to fight recklessly!
You closely miss the orc priest.
The orc priest is almost dead.
The orc priest hits you but does no damage.
The orc priest closely misses you.
You barely miss the orc priest.
The orc priest is almost dead.
The orc priest barely misses you.
The orc priest invokes the aid of Beogh against you.
Beogh smites you!
* * * LOW HITPOINT WARNING * * *
You hit the orc priest but do no damage.
The orc priest is almost dead.
The orc priest hits you with a +0 short sword.
* * * LOW HITPOINT WARNING * * *
The orc priest hits you with a +0 short sword.
* * * LOW HITPOINT WARNING * * *
Unknown command.
You aren't carrying any items that you can evoke.
It was a potion of might.
You feel very mighty all of a sudden. The orc priest closely misses you.
You barely miss the orc priest.
The orc priest is almost dead.
The orc priest barely misses you.
The orc priest hits you with a +0 short sword.
* * * LOW HITPOINT WARNING * * *
Unknown command.
You closely miss the orc priest.
The orc priest is almost dead.
The orc priest looks braver for a moment.
The orc priest barely misses you.
Unknown command.
You barely miss the orc priest.
The orc priest is almost dead.
The orc priest hits you with a +0 short sword.
You die...

.... ...
..# ..#
#.# #o#
#o# #@#
#)# #.#
#.##
#..#####
##.....#
#.#
##....#
#.#
##...#
#.#
#...#


You could see an orc priest and an orc.

Vanquished Creatures
  An adder (D:3)
  2 dart slugs
  3 orcs (D:3)
  4 ball pythons
  5 bats
  3 endoplasms (D:2)
  4 giant cockroaches
  A goblin (D:3)
  6 hobgoblins
  5 kobolds
  2 quokkas
  5 frilled lizards
  6 rats
47 creatures vanquished.

Notes
Turn   | Place    | Note
-------+----------+-------------------------------------------
     0 | D:1      | demenzo the Ogre Berserker began the quest for the Orb.
     0 | D:1      | Reached XP level 1. HP: 24/24 MP: 1/1
   273 | D:1      | Reached XP level 2. HP: 21/32 MP: 2/2
  1113 | D:1      | Reached ** piety under Trog
  1133 | D:1      | Reached XP level 3. HP: 38/40 MP: 3/3
  2330 | D:3      | Reached XP level 4. HP: 36/49 MP: 4/4
  2480 | D:3      | HP: 2/49 [orc priest/+0 short sword (2)]
  2482 | D:3      | Slain by an orc priest

Illustrated notes

Levels and vault maps discovered:
D:1:      kilobyte_arrival_exit_the_forest, layout_basic,
          grunt_decor_resistance, minmay_pentomino_q4
D:2:      layout_basic
D:3:      layout_rooms, ebering_ecumenical_altar_mist, serial_bayou_crossing

Skill      XL: |  1  2 |
---------------+-------+-----
Maces & Flails | 3 |  3.8
Dodging        | 3 |  3.0
Fighting       | |  4.8

Action                   |  1- 3 |  4- 6 || total
-------------------------+-------+-------++-------
Melee: Mace              |   106 |    19 ||   125
       Punch             |       |     1 ||     1
Invok: Berserk           |       |     1 ||     1
  Use: Potion            |       |     1 ||     1
Armor: Animal skin       |    35 |     1 ||    36
Dodge: Dodged            |    59 |     7 ||    66
